 Dungeon Crawl Stone Soup version 0.29.1-1-gd02db6906a (webtiles) character file.

Game seed: 11428398102189415606

15096 EvilAshe the Basher (level 12, 0/72 HPs)
             Began as a Gargoyle Fighter on Sept 16, 2022.
             Was an Elder of Hepliaklqana.
             Slain by a cane toad (9 damage)
             ... on level 1 of the Lair of Beasts.
             The game lasted 00:32:39 (10470 turns).

EvilAshe the Basher (Gargoyle Fighter)             Turns: 10470, Time: 00:32:40

Health: 0/72       AC: 30    Str: 25    XL:     12   Next: 23%
Magic:  12/12      EV:  7    Int:  9    God:    Hepliaklqana [****..]
Gold:   662        SH:  5    Dex: 15    Spells: 11/11 levels left

rFire   . . .      SeeInvis .   a - +2 flail (venom)
rCold   + . .      Faith    .   c - +0 buckler
rNeg    + . .      Spirit   .   F - +0 plate armour
rPois   ∞          Reflect  .   O - +1 helmet
rElec   +          Harm     .   d - +0 cloak
rCorr   .          Rampage  .   j - +0 pair of gloves
Will    .....                   w - +0 pair of boots
Stlth   ..........              h - amulet of regeneration
HPRegen 1.02/turn               P - ring of protection from cold
MPRegen 0.13/turn               D - +6 ring of dexterity

@: no status effects
A: reduced essence, sickness immunity, AC +8, negative energy resistance 1,
electricity resistance, torment resistance 1, petrification resistance
a: Renounce Religion, Recall Ancestor, Ancestor Identity, Transference, Idealise


You were on level 1 of the Lair of Beasts.
You worshipped Hepliaklqana.
Hepliaklqana was greatly pleased with you.
You visited 2 branches of the dungeon, and saw 12 of its levels.

You collected 662 gold pieces.

Inventory:

Hand Weapons
 a - a +2 flail of venom (weapon)
 b - a +2 flail of freezing
 g - a +0 flail
Missiles
 e - 90 stones
 i - 11 boomerangs (quivered)
 q - 17 poisoned darts
 K - a curare-tipped dart
 M - 5 throwing nets
Armour
 c - a +0 buckler (worn)
 d - a +0 cloak (worn)
 j - a +0 pair of gloves (worn)
 w - a +0 pair of boots (worn)
 F - a +0 plate armour (worn)
 O - a +1 helmet (worn)
Jewellery
 h - an amulet of regeneration (around neck)
 k - a ring of wizardry
 z - a ring of positive energy
 D - a +6 ring of dexterity (right hand)
 G - a ring of magical power
 P - a ring of protection from cold (left hand)
Wands
 s - a wand of digging (4)
 y - a wand of flame (12)
 E - a wand of paralysis (15)
 I - a wand of roots (4)
 N - a wand of mindburst (3)
Scrolls
 f - 2 scrolls of immolation
 m - 2 scrolls of enchant armour
 n - 3 scrolls of blinking
 p - a scroll of acquirement {unknown}
 r - a scroll of noise {unknown}
 v - 2 scrolls of fear
 x - a scroll of poison
 A - a scroll of magic mapping {unknown}
 H - a scroll of identify
 J - 2 scrolls of butterflies {unknown}
 L - 2 scrolls of amnesia
Potions
 l - 4 potions of curing
 o - a potion of berserk rage
 t - 3 potions of attraction
 u - a potion of resistance
 B - 4 potions of brilliance
 C - 2 potions of magic
 Q - a potion of invisibility


   Skills:
 + Level 11.2 Fighting
 - Level 14.0 Maces & Flails
 + Level 11.3 Armour
 - Level 3.2 Shields


You had 11 spell levels left.
You didn't know any spells.
Your spell library contained the following spells:

 Spells                   Type           Power      Damage    Failure   Level
 Freeze                   Ice            0%         1d3       99%         1
 Ensorcelled Hibernation  Hex/Ice        0%         N/A       100%        2
 Passwall                 Tmut/Erth      0%         N/A       100%        2
 Confusing Touch          Hex            0%         N/A       100%        3
 Frozen Ramparts          Ice            0%         1d1       100%        3
 Gell's Gravitas          Tloc           0%         N/A       100%        3
 Lesser Beckoning         Tloc           0%         N/A       100%        3
 Summon Guardian Golem    Hex/Summ       0%         N/A       100%        3
 Swiftness                Air            0%         N/A       100%        3
 Teleport Other           Tloc           0%         N/A       100%        3
 Hailstorm                Conj/Ice       0%         3d3       100%        4
 Yara's Violent Unravell  Hex/Tmut       0%         3d3       100%        5
 Enfeeble                 Hex            0%         N/A       100%        7
 Orb of Destruction       Conj           0%         9d5       100%        7
 Spellforged Servitor     Conj/Summ      0%         N/A       100%        7


Dungeon Overview and Level Annotations

Branches:
Dungeon (10/15)            Temple (0/1) D:7            Lair (2/5) D:8
    Orc (0/2) D:9
  Swamp: Lair:2-3    Shoals: Lair:2-3     Snake: Lair:2-3    Spider: Lair:2-3

Altars:
Elyvilon
Fedhas
Hepliaklqana
Okawaru
Qazlal
Sif Muna
Trog
Uskayaw
Yredelemnul
The Shining One

Shops:
D:3 *   D:4 *

Annotations:
D:3 1 runed translucent door
D:6 3 runed translucent doors, diceflayer's ghost, novice DsFi
Lair:1 2 transporters, Ishaim's ghost, novice SpAK


Innate Abilities, Weirdness & Mutations

Your life essence is reduced to manifest your ancestor. (-10% HP)
You are immune to sickness and miasma.
Your stone body is resilient. (AC +8)
You are immune to poison.
You resist negative energy. (rN+)
You are resistant to electric shocks. (rElec)
You are resistant to unholy torment.
You are immune to petrification.


Message History

The elephant trunk-slaps you but does no damage.
You hit the elephant but do no damage.
The elephant is almost dead.
Imgur-Sin casts a spell at the elephant.
The stone arrow hits the elephant!!
The elephant dies!
Found a flail.
A cane toad comes into view.
The cane toad croaks.
You barely miss the cane toad. The cane toad stings you!
* * * LOW HITPOINT WARNING * * *
You barely miss the cane toad.
The cane toad stings you but does no damage.
You barely miss the cane toad.
The cane toad stings you but does no damage.
You bludgeon the cane toad!!
The cane toad is heavily wounded.
You hit the cane toad.
The cane toad is heavily wounded.
The cane toad barely misses you.
You barely miss the cane toad.
The cane toad is heavily wounded.
You block the cane toad's attack.
You hit the cane toad but do no damage.
The cane toad is poisoned.
The cane toad is heavily wounded.
Imgur-Sin barely misses the cane toad.
The cane toad stings you!
* * * LOW HITPOINT WARNING * * *
You hit the cane toad.
The cane toad looks as sick as possible!
The cane toad is severely wounded.
Imgur-Sin closely misses the cane toad.
You block the cane toad's attack.
You barely miss the cane toad.
The cane toad is severely wounded.
The cane toad barely misses you.
Imgur-Sin barely misses the cane toad.
You hit the cane toad.
The cane toad is severely wounded.
You closely miss the cane toad.
The cane toad is almost dead.
The cane toad stings you!
You die...

... .# . ... .#
# .. .# .
######.##)# .
..........## .
..........P# .
.......F..# .
.......@R.#
########..# #
#####.#.!# . .
##.>..##..## .
.. .....##...# .
.+.....#..## .
.. ..... #..## .
... #..# #...#
....####.###..##


You could see the friendly Imgur-Sin the battlemage and a cane toad (extremely
poisoned, ally target).

Vanquished Creatures
  A two-headed ogre (D:8)
  Pikel (D:4)
  Maurice (D:8)
  An elephant (Lair:1)
  A large abomination (D:9)
  Grinder (D:4)
  4 blink frogs (Lair:1)
  A hornet (D:8)
  Sigmund (D:2)
  2 wyverns
  14 yaks
  Edmund (D:4)
  A basilisk (Lair:1)
  2 steam dragons
  2 vampire mosquitoes (D:9)
  An acid dragon (D:8)
  A water moccasin (Lair:1)
  Duvessa (D:7)
  3 small abominations (D:9)
  2 sky beasts
  An orc warrior (D:9)
  2 ogres
  4 centaurs
  A lemure (D:4)
  A phantom (D:4)
  A kobold brigand (D:6)
  A bullfrog (Lair:1)
  A gnoll sergeant (D:9)
  3 scorpions
  5 wights
  3 howler monkeys
  3 jellies
  4 hounds
  5 orc priests
  An iguana (D:5)
  8 orc wizards
  5 gnolls
  5 adders
  3 ufetubi
  3 worms
  2 dart slugs
  24 orcs
  6 ball pythons
  2 endoplasms (D:1)
  6 giant cockroaches
  8 goblins
  3 hobgoblins
  7 jackals
  11 kobolds
  4 quokkas
  5 bats (D:1)
  4 frilled lizards
  A jackal zombie (D:3)
  A kobold skeleton (D:3)
  A kobold zombie (D:3)
  2 rats
189 creatures vanquished.

Vanquished Creatures (collateral kills)
  Harold (D:9)
  A wizard (D:9)
  2 elephants (Lair:1)
  2 black mambas (Lair:1)
  3 cane toads (Lair:1)
  A komodo dragon (Lair:1)
  6 yaks
  2 vampire mosquitoes (D:9)
  A warg (D:8)
  A water moccasin (Lair:1)
  2 orc warriors
  A centaur (D:6)
  A kobold brigand (D:7)
  A gnoll sergeant (D:8)
  A bullfrog (Lair:1)
  8 wights
  Dowan (D:7)
  A small abomination (D:9)
  2 howler monkeys (D:9)
  2 orc priests (D:9)
  A jelly (D:6)
  3 orc wizards
  3 adders
  10 orcs
  2 kobolds (D:7)
59 creatures vanquished.

Vanquished Creatures (others)
  6 battlemagi
  2 ancestors (D:5)
  6 fungi
  6 plants
  5 toadstools (D:3)
25 creatures vanquished.

Grand Total: 273 creatures vanquished

Notes
Turn   | Place    | Note
-------+----------+-------------------------------------------
     0 | D:1      | EvilAshe the Gargoyle Fighter began the quest for the Orb.
     0 | D:1      | Reached XP level 1. HP: 14/14 MP: 1/1
    88 | D:1      | Reached XP level 2. HP: 6/19 MP: 2/2
   599 | D:1      | Reached skill level 3 in Maces & Flails
  1091 | D:2      | Reached XP level 3. HP: 23/23 MP: 3/3
  1297 | D:2      | Found a faded altar of an unknown god.
  1312 | D:2      | Noticed Sigmund
  1403 | D:3      | Found Opniplo's General Store.
  1538 | D:3      | Reached skill level 4 in Maces & Flails
  1739 | D:3      | Reached XP level 4. HP: 27/28 MP: 4/4
  1753 | D:3      | Noticed an ogre
  2262 | D:5      | Entered Level 5 of the Dungeon
  2262 | D:5      | Noticed a scorpion
  2320 | D:4      | Reached skill level 5 in Maces & Flails
  2602 | D:4      | Reached XP level 5. HP: 32/32 MP: 5/5
  2629 | D:4      | Found a hazy altar of Hepliaklqana.
  2653 | D:4      | Noticed a lemure
  2653 | D:4      | Noticed Pikel
  2704 | D:4      | Killed a lemure
  2953 | D:4      | Found Cavai's Gadget Gallery.
  3033 | D:4      | Noticed Edmund
  3052 | D:5      | Noticed a sky beast
  3138 | D:4      | Noticed a lemure
  3393 | D:4      | Killed a sky beast
  3394 | D:4      | Reached skill level 6 in Maces & Flails
  3394 | D:4      | Reached XP level 6. HP: 22/37 MP: 6/6
  3557 | D:4      | Became a worshipper of Hepliaklqana the Forgotten
  4007 | D:4      | Killed Edmund
  4008 | D:4      | Reached skill level 7 in Maces & Flails
  4178 | D:4      | Reached XP level 7. HP: 41/41 MP: 7/7
  4238 | D:4      | Noticed Grinder
  4269 | D:4      | Killed Pikel
  4270 | D:4      | Reached skill level 9 in Maces & Flails
  4270 | D:4      | Reached XP level 8. HP: 46/46 MP: 8/8
  4278 | D:4      | Paralysed by Grinder for 4 turns
  4287 | D:4      | Killed Grinder
  4288 | D:4      | Reached skill level 10 in Maces & Flails
  4694 | D:3      | Found a runed translucent door.
  4700 | D:3      | Found a basalt altar of Yredelemnul.
  5402 | D:2      | Reached * piety under Hepliaklqana
  5505 | D:2      | Killed Sigmund
  5709 | D:5      | Reached skill level 11 in Maces & Flails
  5885 | D:5      | Reached XP level 9. HP: 45/45 MP: 9/9
  6232 | D:7      | Reached skill level 12 in Maces & Flails
  6756 | D:6      | Identified the +9 short sword of the Rescuing Gods {vamp,
                  | rN+ Dex+3 SInv}
  6792 | D:6      | Found a runed translucent gate.
  6793 | D:6      | Found a runed translucent gate.
  6794 | D:6      | Found a runed translucent gate.
  6796 | D:6      | Noticed diceflayer's ghost (novice DsFi)
  7221 | D:7      | Reached ** piety under Hepliaklqana
  7222 | D:7      | Remembered your ancestor Imgur-Sin as a battlemage
  7239 | D:7      | Found a staircase to the Ecumenical Temple.
  7299 | D:7      | Reached skill level 13 in Maces & Flails
  7305 | D:7      | Noticed Dowan
  7324 | D:7      | Killed Dowan
  7333 | D:7      | Noticed Duvessa
  7349 | D:7      | Killed Duvessa
  7395 | D:7      | Found a glowing golden altar of the Shining One.
  7532 | D:7      | Found a shimmering blue altar of Sif Muna.
  7653 | D:7      | Reached XP level 10. HP: 39/52 MP: 10/10
  7772 | D:8      | Found an iron altar of Okawaru.
  7772 | D:8      | Found a bloodstained altar of Trog.
  7843 | D:8      | Reached skill level 5 in Fighting
  7843 | D:8      | Reached skill level 5 in Armour
  7909 | D:8      | Found a staircase to the Lair.
  8113 | D:8      | Found a white marble altar of Elyvilon.
  8140 | D:8      | Found a hide-covered altar of Uskayaw.
  8196 | D:8      | Noticed a two-headed ogre
  8222 | D:8      | Killed a two-headed ogre
  8286 | D:8      | Noticed Maurice
  8303 | D:8      | Killed Maurice
  8366 | D:8      | Reached *** piety under Hepliaklqana
  8615 | D:9      | Noticed Harold
  8684 | D:8      | Reached skill level 14 in Maces & Flails
  8814 | D:9      | Reached XP level 11. HP: 60/60 MP: 11/11
  8898 | D:9      | Killed Harold
  9193 | D:9      | Found a staircase to the Orcish Mines.
  9229 | D:9      | Found a blossoming altar of Fedhas.
  9244 | D:9      | Found a stormy altar of Qazlal.
  9286 | D:10     | Entered Level 10 of the Dungeon
  9750 | D:9      | Noticed a wizard
  9755 | D:9      | Killed a wizard
  9860 | D:9      | Noticed a large abomination
  9925 | Lair:1   | Entered Level 1 of the Lair of Beasts
  9925 | Lair:1   | Noticed a moth of wrath
  9925 | Lair:1   | Found a transporter.
 10045 | Lair:1   | Noticed a moth of wrath
 10050 | Lair:1   | Found a transporter.
 10056 | Lair:1   | Found a bloodstained altar of Trog.
 10056 | Lair:1   | Noticed Ishaim's ghost (novice SpAK)
 10130 | Lair:1   | Reached skill level 10 in Armour
 10154 | Lair:1   | Reached skill level 10 in Fighting
 10187 | Lair:2   | Noticed a seven-headed hydra
 10315 | Lair:1   | Noticed a spriggan rider
 10390 | Lair:1   | Reached XP level 12. HP: 71/71 MP: 12/12
 10393 | Lair:1   | Reached **** piety under Hepliaklqana
 10470 | Lair:1   | Slain by a cane toad

Illustrated notes

Levels and vault maps discovered:
D:1:      wander_arrival_abandoned_jail, layout_rooms, patterned_corridor
D:2:      layout_basic, chequers_ecumenical_altar_island, uniq_sigmund
D:3:      layout_basic, dk_yredelemnul_ordeal, serial_shops, shop,
          minmay_gold_behind_fungi
D:4:      layout_loops_corners, nicolae_hepliaklqana_hazy_memory,
          nicolae_shop_gadgets, uniq_edmund, uniq_pikel, uniq_grinder
D:5:      layout_cave_pools
D:6:      layout_loops_cross, gammafunk_ghost_necromancy
D:7:      layout_basic, lemuel_blue_sif_altar,
          mainiacjoe_overflow_concentric_impassable, minmay_temple_entry_grid,
          uniq_duvessa
D:8:      layout_loops_ring, grunt_temple_overflow_bloody_war,
          marbit_many_paths, nicolae_uskayaw_dance_hall, lair_entry_dummy,
          dk_noncrumbling_4, st_stairs_6, uniq_maurice
D:9:      layout_basic, grunt_temple_overflow_forces_of_nature,
          nemelex_spade_bored_becter, erik_orc_4, nrook_campfire, minivault_1,
          grunt_decor_junction, laboratory, uniq_harold
D:10:     layout_cave_pools, cheibrodos_worm_habitat, serial_column_ruins,
          column_ruins_columns_straight, column_ruins_columns_corner,
          column_ruins_open_large, column_ruins_grid_1
Lair:1:   layout_regular_city, enter_volcano_1,
          gammafunk_ghost_wrathful_warriors, grunt_megastairs_1
Lair:2:   layout_gridlike

Skill      XL: |  1  2  3  4  5  6  7  8  9 10 11 12 |
---------------+-------------------------------------+-----
Maces & Flails | 3 4 5 6 7 9 11 13 14 | 14.0
Fighting       | 4 7 10 11 | 11.2
Armour         | 4 7 10 11 | 11.3
Shields        | |  3.2

Action                   |  1- 3 |  4- 6 |  7- 9 | 10-12 || total
-------------------------+-------+-------+-------+-------++-------
Melee: Flail             |   136 |   155 |   240 |   325 ||   856
Throw: Stone             |     6 |       |       |       ||     6
       Boomerang         |     3 |       |       |     4 ||     7
       Dart              |       |    12 |     9 |    10 ||    31
Invok: Ancestor Identity |       |       |     1 |       ||     1
       Ancestor Life: Ba |       |       |     1 |       ||     1
Evoke: Wand              |       |       |     2 |     2 ||     4
  Use: Potion            |       |     3 |     2 |       ||     5
       Scroll            |       |     5 |       |    11 ||    16
 Stab: Distracted        |       |       |     1 |     6 ||     7
Armor: Scale mail        |    72 |    20 |       |       ||    92
       Chain mail        |       |    73 |    96 |       ||   169
       Plate armour      |       |       |    44 |   201 ||   245
Dodge: Dodged            |    61 |    62 |    59 |    81 ||   263
Block: Buckler           |    26 |    29 |    36 |    63 ||   154
